General information
			
			
        
        - name: BNet
 
        - type: Ladder 1vs1/FFA
 
        - host: Battle.net
 
        - saver: BEAR_AND
 
        
map: TwistedMeadows 
        - players: 2
 
        - length: 83:15
 
        - speed: Fast
 - version: 1.22 W3XP
 - replay type:  

 
» download(254 KB)
Players
        team 1 (winner) 
              
              
BEAR_AND (
teal | 103 APM | 8556 actions | 83:15)
              
 9 Mountain King 
 3 Storm Bolt
 3 Bash
 2 Avatar
 1 Thunder Clap
 8 Paladin 
 3 Holy Light
 3 Divine Shield
 2 Devotion Aura
 8 Blood Mage 
 2 Banish
 2 Siphon Mana
 3 Flame Strike
 1 Summon Phoenix
 
                » actions 
                
                | Assign group hotkey | 20 |  | 
| Basic commands | 113 |  | 
| Build / train | 237 |  | 
| Enter build submenu | 91 |  | 
| Enter hero's abilities submenu | 25 |  | 
| Give item / drop item | 28 |  | 
| Right click | 4951 |  | 
| Select / deselect | 1230 |  | 
| Select group hotkey | 1150 |  | 
| Use ability | 710 |  | 
                8556 total
 » units 
                
                | Peasant | 34 |  | 
| Footman | 5 |  | 
| Goblin Shredder | 2 |  | 
| Priest | 1 |  | 
| Goblin Zeppelin | 4 |  | 
| Goblin Sapper | 23 |  | 
                69 total
 » upgrades
                
                | Masonry | 3 |  | 
| Lumber Harvesting | 2 |  | 
| Magic Sentry | 1 |  | 
| Priest Training | 2 |  | 
| Gunpowder | 2 |  | 
| Plating | 2 |  | 
| Flak Cannons | 1 |  | 
| Flying Machine Bombs | 1 |  | 
| Sorceress Training | 1 |  | 
                15 total
 » buildings
                
                | Altar of Kings | 1 |  | 
| Barracks | 1 |  | 
| Farm | 6 |  | 
| Scout Tower | 230 |  | 
| Arcane Tower | 10 |  | 
| Lumber Mill | 1 |  | 
| Guard Tower | 68 |  | 
| Keep | 2 |  | 
| Arcane Vault | 1 |  | 
| Town Hall | 11 |  | 
| Castle | 1 |  | 
| Arcane Sanctum | 1 |  | 
| Blacksmith | 1 |  | 
| Workshop | 2 |  | 
                336 total
 » build order
                00:07 Altar of Kings
00:21 Barracks
00:33 Farm
00:48 Farm
01:40 Farm
01:48 Scout Tower
02:18 Arcane Tower
02:26 Farm
02:52 Lumber Mill
03:30 Scout Tower
03:31 Scout Tower
04:07 Guard Tower
04:10 Scout Tower
04:28 Guard Tower
05:00 Guard Tower
05:01 Keep
05:01 Keep
05:04 Scout Tower
05:36 Guard Tower
05:38 Scout Tower
05:52 Scout Tower
06:38 Guard Tower
07:20 Arcane Vault
07:22 Town Hall
07:27 Guard Tower
07:41 Scout Tower
08:27 Arcane Tower
08:28 Scout Tower
08:29 Scout Tower
09:34 Guard Tower
09:37 Scout Tower
09:38 Scout Tower
09:38 Scout Tower
09:49 Scout Tower
09:50 Scout Tower
09:50 Scout Tower
09:51 Scout Tower
09:52 Scout Tower
09:53 Scout Tower
09:54 Scout Tower
10:02 Castle
10:28 Guard Tower
10:30 Guard Tower
10:57 Guard Tower
11:03 Guard Tower
11:04 Scout Tower
11:06 Scout Tower
11:06 Scout Tower
11:07 Scout Tower
11:08 Scout Tower
11:09 Scout Tower
11:25 Guard Tower
13:40 Guard Tower
13:41 Guard Tower
14:27 Guard Tower
14:35 Farm
14:37 Guard Tower
14:53 Scout Tower
14:53 Scout Tower
14:54 Scout Tower
16:16 Guard Tower
16:24 Guard Tower
18:50 Arcane Sanctum
19:09 Town Hall
19:12 Scout Tower
19:12 Scout Tower
19:13 Scout Tower
19:13 Scout Tower
19:14 Scout Tower
19:14 Scout Tower
19:15 Scout Tower
19:15 Scout Tower
19:16 Scout Tower
19:17 Scout Tower
19:18 Scout Tower
19:19 Scout Tower
19:19 Scout Tower
19:20 Scout Tower
19:40 Scout Tower
19:40 Scout Tower
19:41 Scout Tower
19:43 Scout Tower
19:43 Scout Tower
19:44 Scout Tower
19:45 Scout Tower
19:46 Scout Tower
19:46 Scout Tower
19:47 Scout Tower
19:47 Scout Tower
19:48 Scout Tower
20:22 Arcane Tower
20:22 Guard Tower
20:35 Guard Tower
21:57 Town Hall
21:59 Guard Tower
22:04 Scout Tower
22:05 Scout Tower
22:05 Scout Tower
22:06 Scout Tower
22:06 Scout Tower
22:10 Scout Tower
22:10 Scout Tower
22:11 Scout Tower
22:11 Scout Tower
22:12 Scout Tower
22:13 Scout Tower
22:39 Arcane Tower
22:39 Guard Tower
22:43 Scout Tower
22:43 Scout Tower
22:44 Scout Tower
22:45 Scout Tower
22:45 Scout Tower
22:46 Scout Tower
22:47 Scout Tower
22:47 Scout Tower
22:48 Scout Tower
22:48 Scout Tower
22:50 Scout Tower
22:50 Scout Tower
23:23 Guard Tower
23:32 Guard Tower
24:00 Blacksmith
24:02 Guard Tower
24:07 Farm
24:18 Guard Tower
24:27 Guard Tower
25:56 Guard Tower
26:22 Guard Tower
26:30 Workshop
26:57 Scout Tower
26:59 Scout Tower
27:00 Scout Tower
27:01 Scout Tower
27:01 Scout Tower
27:02 Scout Tower
27:02 Scout Tower
28:49 Workshop
29:06 Guard Tower
30:00 Town Hall
32:55 Scout Tower
32:56 Scout Tower
33:39 Guard Tower
34:51 Town Hall
35:21 Scout Tower
35:22 Scout Tower
35:23 Scout Tower
35:23 Scout Tower
35:24 Scout Tower
35:25 Scout Tower
35:25 Scout Tower
35:26 Scout Tower
35:27 Scout Tower
35:27 Scout Tower
35:31 Scout Tower
35:33 Scout Tower
35:35 Scout Tower
35:35 Scout Tower
35:36 Scout Tower
35:37 Scout Tower
35:37 Scout Tower
35:39 Scout Tower
35:39 Scout Tower
35:40 Scout Tower
35:40 Scout Tower
35:41 Scout Tower
35:42 Scout Tower
35:42 Scout Tower
35:43 Scout Tower
35:52 Scout Tower
35:53 Scout Tower
35:53 Scout Tower
36:00 Guard Tower
36:43 Guard Tower
36:48 Scout Tower
36:48 Scout Tower
36:49 Scout Tower
36:49 Scout Tower
36:50 Scout Tower
36:54 Scout Tower
36:54 Scout Tower
36:55 Scout Tower
36:56 Scout Tower
36:57 Scout Tower
36:58 Scout Tower
36:59 Scout Tower
36:59 Scout Tower
37:00 Scout Tower
37:01 Guard Tower
38:57 Guard Tower
38:59 Guard Tower
40:14 Scout Tower
40:15 Scout Tower
40:15 Scout Tower
40:16 Scout Tower
40:17 Scout Tower
40:17 Scout Tower
40:19 Scout Tower
40:19 Scout Tower
40:20 Scout Tower
40:21 Scout Tower
40:21 Scout Tower
40:22 Scout Tower
40:22 Scout Tower
40:23 Scout Tower
40:28 Guard Tower
40:46 Guard Tower
41:08 Town Hall
41:33 Town Hall
41:51 Guard Tower
41:57 Scout Tower
41:57 Scout Tower
41:58 Scout Tower
41:58 Scout Tower
42:02 Scout Tower
42:02 Scout Tower
42:03 Scout Tower
42:04 Scout Tower
42:05 Scout Tower
42:06 Scout Tower
42:07 Scout Tower
42:07 Scout Tower
42:08 Scout Tower
42:08 Scout Tower
42:09 Scout Tower
42:09 Scout Tower
42:35 Arcane Tower
42:35 Guard Tower
42:55 Guard Tower
43:00 Guard Tower
43:02 Guard Tower
46:14 Arcane Tower
50:19 Town Hall
50:25 Scout Tower
50:26 Scout Tower
50:26 Scout Tower
50:27 Scout Tower
50:27 Scout Tower
50:28 Scout Tower
50:29 Scout Tower
50:29 Scout Tower
50:31 Scout Tower
50:32 Scout Tower
50:32 Scout Tower
50:40 Scout Tower
50:41 Scout Tower
50:41 Scout Tower
50:42 Scout Tower
50:42 Scout Tower
50:44 Scout Tower
50:47 Scout Tower
50:48 Scout Tower
51:07 Arcane Tower
51:08 Guard Tower
51:48 Guard Tower
53:27 Guard Tower
53:55 Guard Tower
53:56 Scout Tower
53:57 Scout Tower
53:58 Scout Tower
54:00 Scout Tower
54:01 Scout Tower
54:39 Guard Tower
55:06 Guard Tower
60:28 Town Hall
60:49 Scout Tower
60:50 Scout Tower
60:50 Scout Tower
60:51 Scout Tower
60:52 Scout Tower
60:52 Scout Tower
60:53 Scout Tower
60:54 Scout Tower
60:54 Scout Tower
60:55 Scout Tower
60:56 Scout Tower
60:56 Scout Tower
60:57 Scout Tower
60:57 Scout Tower
60:58 Scout Tower
61:07 Scout Tower
61:08 Scout Tower
61:09 Scout Tower
61:10 Scout Tower
61:11 Scout Tower
61:11 Scout Tower
61:12 Scout Tower
61:38 Guard Tower
61:39 Guard Tower
62:23 Guard Tower
62:37 Guard Tower
62:38 Scout Tower
62:39 Scout Tower
62:40 Scout Tower
62:41 Scout Tower
62:42 Scout Tower
63:38 Guard Tower
63:57 Guard Tower
64:42 Guard Tower
72:21 Town Hall
72:38 Scout Tower
72:39 Scout Tower
72:39 Scout Tower
72:40 Scout Tower
72:41 Scout Tower
72:41 Scout Tower
72:42 Scout Tower
72:43 Scout Tower
72:45 Scout Tower
72:46 Scout Tower
72:46 Scout Tower
72:47 Scout Tower
72:48 Scout Tower
72:48 Scout Tower
72:49 Scout Tower
72:49 Scout Tower
72:51 Scout Tower
72:51 Scout Tower
72:53 Scout Tower
72:53 Scout Tower
73:12 Arcane Tower
73:12 Guard Tower
73:13 Guard Tower
73:13 Guard Tower
73:14 Guard Tower
73:35 Guard Tower
73:39 Town Hall
73:42 Guard Tower
73:49 Guard Tower
74:06 Guard Tower
74:08 Guard Tower
74:14 Guard Tower
74:28 Guard Tower
75:02 Arcane Tower
75:03 Guard Tower
» items
                
                | Boots of Speed | 2 |  | 
| Scroll of Regeneration | 1 |  | 
| Lesser Clarity Potion | 19 |  | 
| Scroll of Town Portal | 1 |  | 
| Staff of Teleportation | 1 |  | 
| Staff of Sanctuary | 3 |  | 
| Potion of Mana | 10 |  | 
| Orb of Fire | 1 |  | 
| Potion of Lesser Invulnerability | 2 |  | 
                40 total
  
               team 2 (loser) 
              
              
mr.burk (
yellow | 36 APM | 2983 actions | 83:13)
              
 5 Blademaster 
 3 Wind Walk
 2 Critical Strike
 4 Shadow Hunter 
 2 Healing Wave
 2 Serpent Ward
 2 Far Seer 
 1 Chain Lighting
 1 Feral Spirit
 
                » actions 
                
                | Assign group hotkey | 56 |  | 
| Basic commands | 4 |  | 
| Build / train | 178 |  | 
| Enter build submenu | 21 |  | 
| Enter hero's abilities submenu | 13 |  | 
| Remove unit from queue | 7 |  | 
| Right click | 1611 |  | 
| Select / deselect | 767 |  | 
| Select group hotkey | 195 |  | 
| Use ability | 130 |  | 
                2983 total
 » units 
                
                | Peon | 16 |  | 
| Grunt | 28 |  | 
| Wind Rider | 37 |  | 
| Raider | 18 |  | 
| Tauren | 12 |  | 
| Shaman | 14 |  | 
| Goblin Zeppelin | 3 |  | 
| Demolisher | 10 |  | 
                138 total
 » upgrades
                
                | Pillage | 1 |  | 
| Melee Weapons | 3 |  | 
| Ranged Weapons | 3 |  | 
| Armor | 3 |  | 
| Envenomed Spears | 1 |  | 
| Berserker Strength | 1 |  | 
| Shaman Training | 2 |  | 
| Pulverize | 1 |  | 
| Ensnare | 1 |  | 
| Burning Oil | 1 |  | 
                17 total
 » buildings
                
                | Altar of Storms | 1 |  | 
| Orc Burrow | 7 |  | 
| Barracks | 2 |  | 
| Stronghold | 1 |  | 
| Beastiary | 2 |  | 
| War Mill | 1 |  | 
| Spirit Lodge | 1 |  | 
| Fortress | 1 |  | 
| Great Hall | 3 |  | 
| Tauren Totem | 1 |  | 
                20 total
 » build order
                00:10 Altar of Storms
00:13 Orc Burrow
00:15 Barracks
02:14 Orc Burrow
03:04 Barracks
03:49 Stronghold
04:33 Orc Burrow
06:39 Beastiary
06:44 Beastiary
09:09 Orc Burrow
10:40 Orc Burrow
11:51 War Mill
12:15 Orc Burrow
12:48 Spirit Lodge
14:24 Fortress
15:39 Great Hall
19:27 Great Hall
22:35 Orc Burrow
26:16 Tauren Totem
46:17 Great Hall
 
                Chat log
          (00:37 / All) BEAR_AND: GL HF mr burk
(00:53 / All) mr.burk: you too BEAR AND =P
(01:46 / All) mr.burk: why hello
(01:49 / All) mr.burk: lol
(06:41 / All) BEAR_AND: aheh
(07:08 / All) mr.burk: =(
(13:52 / All) mr.burk: i hate human >< =P
(13:55 / All) BEAR_AND: HAH
(13:57 / All) BEAR_AND: sorry
(13:58 / All) BEAR_AND: hah
(24:54 / All) mr.burk: that was not nice
(29:15 / All) BEAR_AND: what up?
(36:24 / All) mr.burk: Jesus man =P
(38:43 / All) BEAR_AND: and the expo lives on
(50:58 / All) BEAR_AND: ROFL
(51:10 / All) mr.burk: whoops, lol
(51:16 / All) BEAR_AND: focus
(51:23 / All) mr.burk: watchn tv =P
(53:48 / All) BEAR_AND: poog
(58:34 / All) mr.burk: >< i hate human
(58:44 / All) BEAR_AND: http://highper.ch/ for more ownage towering replays
(72:24 / All) mr.burk: lvl 8 heros ><
(72:35 / All) BEAR_AND: gl hf
(72:40 / All) mr.burk: lol
(73:01 / All) BEAR_AND: That's Towers!
(73:54 / All) BEAR_AND: gotta say
(74:02 / All) BEAR_AND: it's been a while since i drained all the corner 'spos
(74:17 / All) mr.burk: lol
(74:46 / All) BEAR_AND: http://highper.ch/ for more ownage towering replays from Clan Towa thanks for watching/playing!
(76:38 / All) BEAR_AND: ah the home stretch
(76:42 / All) BEAR_AND: my favorite part of every tower game
(77:35 / All) BEAR_AND: but mr. burk
(77:44 / All) BEAR_AND: how can you win....when you don't have a gold?
(78:19 / All) mr.burk: still workin on that
(81:27 / All) mr.burk: we'll have to do this again sometime =P
(81:29 / All) mr.burk: gg
(81:32 / All) BEAR_AND: wait
(81:37 / All) BEAR_AND: watch this
(81:38 / All) mr.burk: sup?
(81:49 / All) BEAR_AND: one sec
(81:53 / All) mr.burk: lol
(82:04 / All) BEAR_AND: they comin
(82:11 / All) mr.burk: lol
(82:38 / All) mr.burk: lol
(82:40 / All) mr.burk: LMAO
(83:02 / All) mr.burk: gg man
(83:05 / All) BEAR_AND: gg
(83:07 / All) mr.burk: lol